Map: Prion Terraces

Players

Aha

  • Race: Protoss Protoss
  • League: Platinum

Lema - Winner!

  • Race: Terran Terran
  • League: Diamond

VOD

Have the link to the VOD?

Description

Time

  • Played on: March 27, 2016, 6:46 p.m.
  • Length: 23:43
Show
View Real Time Build Order
Export as new Build Order

Aha Protoss 

Build Orders: 1 Gate Expand 

Get SALT Encoding   

  12  0:02  Probe (Chrono Boost)  
  13  0:12  Probe (Chrono Boost)  
  14  0:18  Pylon  
  14  0:23  Probe (Chrono Boost)  
  15  0:36  Probe (Chrono Boost)  
  15  0:37  Gateway  
  16  0:47  Probe (Chrono Boost), Assimilator  
  17  0:57  Probe (Chrono Boost)  
  18  1:08  Probe (Chrono Boost)  
  19  1:27  Nexus  
  19  1:35  Cybernetics Core  
  19  1:37  Assimilator  
  19  1:40  Probe (Chrono Boost)  
  20  1:48  Pylon  
  20  1:53  Probe (Chrono Boost)  
  21  1:56  Assimilator  
  20  2:04  Probe (Chrono Boost)  
  24  2:19  Mothership Core (Chrono Boost)  
  23  2:30  Stalker  
  25  2:38  Probe (Chrono Boost)  
  26  2:44  Warp Gate  
  26  2:48  Probe (Chrono Boost)  
  27  2:53  Probe (Chrono Boost)  
  28  2:59  Probe (Chrono Boost)  
  28  3:01  Stalker  
  28  3:03  Probe (Chrono Boost)  
  32  3:06  Gateway  
  32  3:08  Gateway  
  32  3:12  Robotics Facility  
  32  3:14  Gateway  
  32  3:16  Probe (Chrono Boost)  
  32  3:19  Probe (Chrono Boost)  
  34  3:27  Pylon  
  34  3:28  Probe (Chrono Boost)  
  34  3:33  Probe (Chrono Boost)  
  36  3:37  Stalker  
  38  3:45  Probe x2 (Chrono Boost)  
  40  3:55  Probe x2 (Chrono Boost)  
  42  3:59  Observer (Chrono Boost)  
  42  4:00  Gateway  
  43  4:04  Probe  
  43  4:06  Probe  
  43  4:08  Stalker  
  47  4:14  Stalker  
  47  4:15  Probe  
  50  4:18  Probe  
  51  4:25  Probe  
  51  4:26  Pylon  
  51  4:31  Probe  
  53  4:37  Observer (Chrono Boost)  
  54  4:42  Probe  
  54  4:44  Probe  
  54  4:45  Pylon  
  56  4:50  Pylon  
  52  5:07  Stalker x2, Immortal (Chrono Boost)  
  56  5:08  Stalker  
  56  5:10  Probe  
  56  5:11  Probe  
  64  5:15  Assimilator  
  64  5:17  Assimilator  
  64  5:19  Pylon  
  64  5:21  Probe  
  64  5:23  Probe  
  66  5:31  Stalker  
  66  5:32  Stalker x2  
  66  5:33  Probe  
  66  5:35  Probe, Nexus  
  74  5:37  Pylon  
  74  5:43  Probe  
  74  5:47  Probe  
  74  5:48  Immortal (Chrono Boost)  
  80  6:07  Probe  
  80  6:08  Pylon  
  80  6:09  Probe, Pylon  
  82  6:11  Stalker x3  
  88  6:21  Gateway  
  88  6:22  Immortal (Chrono Boost)  
  88  6:23  Gateway  
  92  6:26  Gateway  
  92  6:32  Probe  
  93  6:35  Stalker  
  93  6:36  Stalker x2  
  99  6:41  Pylon  
  99  6:56  Immortal (Chrono Boost)  
  99  6:59  Twilight Council  
  103  7:03  Zealot x2  
  103  7:04  Zealot  
  109  7:12  Probe  
  109  7:14  Probe  
  111  7:24  Zealot x3  
  111  7:25  Zealot, Forge  
  111  7:26  Probe, Stalker x2, Forge  
  111  7:27  Probe  
  111  7:28  Probe  
  126  7:34  Immortal (Chrono Boost)  
  130  7:40  Probe  
  130  7:41  Assimilator  
  130  7:43  Assimilator  
  131  7:45  Pylon  
  117  7:51  Zealot x2  
  117  7:52  Zealot x3  
  109  8:04  Stalker  
  109  8:05  Probe  
  109  8:06  Probe  
  109  8:14  Probe, Immortal (Chrono Boost)  
  109  8:16  Probe  
  115  8:28  Gateway  
  115  8:29  Gateway  
  115  8:31  Gateway  
  114  8:42  Stalker, Nexus  
  114  8:43  Stalker x2  
  114  8:45  Sentry x3  
  114  8:46  Assimilator  
  114  8:47  Probe  
  128  8:48  Observer (Chrono Boost)  
  128  8:50  Assimilator  
  128  8:54  Pylon  
  128  8:56  Pylon  
  128  8:57  Templar Archives  
  128  8:58  Charge  
  128  9:10  Zealot x6  
  140  9:30  Protoss Ground Weapons Level 1  
  140  9:31  Protoss Ground Armor Level 1  
  140  9:41  Zealot x4  
  140  9:42  Zealot x2, Probe  
  140  9:44  Probe  
  154  9:46  Psionic Storm  
  154  9:52  Immortal (Chrono Boost)  
  156  10:02  Probe  
  156  10:03  Probe  
  154  10:10  Stalker  
  154  10:11  Stalker x5  
  154  10:12  Stalker  
  168  10:31  Observer (Chrono Boost)  
  168  10:45  Blink  
  168  10:47  High Templar x2  
  172  10:58  Pylon  
  172  11:00  Pylon  
  172  11:17  Immortal (Chrono Boost)  
  176  11:19  Nexus  
  176  11:21  Assimilator  
  176  11:25  Assimilator  
  176  11:28  Pylon  
  176  11:29  Pylon  
  176  11:31  Pylon x2  
  176  11:34  High Templar  
  176  11:35  High Templar x5  
  176  11:36  Pylon  
  176  11:37  Gateway  
  176  11:39  Archon x2, Pylon  
  188  11:40  Gateway  
  188  11:43  Gateway  
  147  12:07  Zealot x5  
  147  12:08  Zealot x4  
  107  12:19  Probe  
  107  12:20  Probe  
  107  12:21  Probe  
  103  12:27  Protoss Ground Armor Level 2, Protoss Ground Weapons Level 2  
  103  12:29  Probe  
  104  12:32  Probe  
  104  12:36  High Templar  
  104  12:37  High Templar x2  
  110  12:38  Zealot x6  
  110  12:40  Probe  
  110  12:41  Probe  
  106  13:09  Stalker  
  106  13:10  Stalker x9  
  106  13:12  Probe  
  126  13:13  Probe  
  128  13:20  Gateway  
  128  13:21  Gateway  
  128  13:23  Gateway  
  128  13:24  Pylon  
  128  13:25  High Templar x2  
  122  13:30  Immortal (Chrono Boost)  
  126  13:34  Stalker x3  
  126  13:35  High Templar  
  126  13:36  High Templar  
  126  13:40  Zealot  
  126  13:41  Zealot  
  140  13:44  Probe  
  140  13:45  Probe  
  142  13:54  Robotics Bay  
  142  13:56  Probe  
  142  13:57  Probe, Pylon  
  142  13:58  Probe  
  145  14:20  Stalker  
  145  14:21  High Templar  
  145  14:22  High Templar  
  145  14:23  Zealot  
  153  14:26  High Templar  
  153  14:27  High Templar x3  
  161  14:31  Nexus  
  161  14:33  Pylon  
  161  14:36  Assimilator, Pylon  
  161  14:37  Assimilator  
  161  14:38  Robotics Facility  
  161  14:43  Protoss Shields Level 1  
  157  14:58  Zealot x7  
  157  14:59  Zealot x4  
  131  15:07  Probe  
  131  15:08  Probe  
  99  15:21  Zealot x5  
  93  15:22  Zealot x3  
  93  15:26  Immortal (Chrono Boost)  
  93  15:28  Probe  
  101  15:29  Probe  
  101  15:31  Stalker  
  101  15:34  Probe x2  
  108  15:52  Disruptor (Chrono Boost)  
  108  15:59  Disruptor (Chrono Boost)  
  111  16:05  Nexus  
  111  16:14  Assimilator, Pylon  
  111  16:17  Assimilator  
  114  16:27  Stalker  
  114  16:28  Disruptor (Chrono Boost), Stalker x7  
  128  16:54  Stalker x4  
  134  17:04  Zealot  
  136  17:21  Zealot x3  
  136  17:22  Zealot, Stalker  
  136  17:23  Stalker x7  
  132  17:41  Zealot  
  132  17:42  Zealot x6  
  100  18:01  Zealot x5  
  106  18:09  High Templar x10  
  126  18:13  Archon x2  
  126  18:14  Archon x2  
  126  18:15  Archon  
  110  18:31  Zealot  
  110  18:32  Zealot x4  
  112  18:45  Zealot x4  
  112  18:46  Zealot  
  122  18:49  Zealot x2  
  122  18:55  Probe  
  124  18:56  Probe  
  126  19:08  High Templar  
  126  19:09  High Templar x6  
  140  19:12  Nexus  
  140  19:13  Archon x3  
  140  19:15  Assimilator  
  136  19:19  Assimilator  
  136  19:24  Disruptor (Chrono Boost), Pylon  
  137  19:27  Pylon  
  137  19:29  Zealot  
  137  19:30  Zealot x3  
  137  19:31  Zealot  
  147  19:43  Zealot x2  
  147  19:44  Zealot x4  
  159  20:04  Stalker x7  
  159  20:05  Stalker  
  173  20:20  Stalker  
  173  20:21  Stalker  
  177  20:26  Zealot x5  
  187  20:36  Stalker x3  
  163  20:51  Zealot x5  
  143  21:02  Stalker  
  143  21:03  Stalker x4  
  149  21:04  Zealot x3  
  149  21:05  Zealot x2  
  155  21:14  Probe x2  
  155  21:15  Probe  
  160  21:32  Immortal (Chrono Boost)  
  160  21:36  Zealot x4  
  160  21:37  Zealot x9  
  181  21:54  Probe  
  181  21:55  Probe  
  181  21:57  Observer (Chrono Boost)  
  181  21:59  Zealot  
  181  22:00  Zealot x7  
  145  22:09  Zealot  
  145  22:10  Zealot x6  
  137  22:26  Stalker x2  
  137  22:43  Stalker x2  
  137  22:44  Stalker x6  
  141  22:49  Zealot x3  
  141  22:50  Zealot x4  
  153  23:23  Zealot  
  153  23:24  Zealot x9  
  153  23:25  Zealot  
Show
View Real Time Build Order
Export as new Build Order

Lema Terran - Winner!

Build Orders: MMM Bio 

Get SALT Encoding   

  12  0:01  SCV  
  13  0:13  SCV  
  14  0:25  Supply Depot, SCV  
  15  0:46  SCV  
  15  0:48  Barracks  
  16  0:58  SCV  
  17  1:10  SCV  
  18  1:22  Command Center  
  18  1:25  SCV  
  19  1:34  Barracks  
  19  1:35  Marine  
  20  1:46  Orbital Command  
  20  1:55  Supply Depot  
  20  2:04  Barracks  
  20  2:14  SCV  
  21  2:17  Marine  
  21  2:18  Refinery  
  22  2:23  Marine  
  22  2:27  SCV  
  24  2:35  Marine  
  25  2:37  Orbital Command  
  25  2:40  SCV  
  25  2:43  Marine  
  27  2:52  Marine  
  27  2:58  Marine  
  29  3:02  Marine  
  29  3:03  Refinery  
  29  3:05  SCV x2  
  32  3:09  Marine  
  33  3:15  Supply Depot  
  33  3:17  Marine  
  33  3:18  Bunker  
  33  3:19  Marine  
  34  3:23  SCV x2  
  37  3:29  Barracks Tech Lab  
  37  3:35  SCV  
  37  3:37  Barracks Reactor  
  37  3:38  Barracks Tech Lab  
  38  3:47  SCV  
  38  3:48  Supply Depot, SCV  
  40  3:50  Stimpack  
  40  4:00  Engineering Bay  
  40  4:01  Marine x2  
  42  4:03  Combat Shields  
  42  4:05  SCV x2  
  42  4:08  Refinery  
  44  4:13  Supply Depot  
  44  4:18  Marine x2  
  44  4:19  Marauder x2  
  44  4:21  SCV  
  50  4:36  Marine x2  
  53  4:38  Factory, SCV x2  
  53  4:40  Marine  
  53  4:42  Marine  
  52  4:53  Marine  
  48  5:01  Marauder x2  
  48  5:03  Terran Infantry Weapons Level 1, SCV x2  
  48  5:05  Refinery  
  53  5:09  Command Center  
  53  5:12  Supply Depot  
  53  5:14  Marine x2  
  53  5:15  SCV x2  
  57  5:31  Starport  
  57  5:35  Factory Reactor  
  57  5:36  SCV x2  
  57  5:37  Marine x2  
  57  5:39  Marauder x2  
  57  5:40  Concussive Shells  
  65  5:48  SCV x2  
  67  5:54  Marine x2  
  69  6:00  Marauder x2  
  73  6:05  Supply Depot x2  
  73  6:18  Engineering Bay  
  73  6:21  Marine x2  
  73  6:22  Marauder x2, Armory  
  79  6:31  Medivac x2  
  83  6:36  Orbital Command  
  83  6:39  Marine x2  
  85  6:46  Terran Infantry Armor Level 1  
  85  6:52  Marauder x2  
  89  6:57  Marine x2  
  91  7:07  Orbital Command  
  91  7:08  Widow Mine  
  93  7:20  Medivac x2  
  97  7:25  Marine x2  
  97  7:26  Marauder x2  
  103  7:33  Barracks  
  103  7:34  Barracks  
  103  7:37  Starport  
  103  7:39  Ghost Academy  
  103  7:42  SCV x3  
  104  7:54  Marine, Marauder  
  104  7:55  Marauder  
  88  8:08  Marine  
  88  8:11  Widow Mine  
  91  8:14  SCV x3  
  91  8:16  Marauder x2  
  91  8:19  Starport Tech Lab  
  98  8:20  Medivac x2  
  98  8:21  Marine  
  98  8:26  Terran Infantry Weapons Level 2, SCV  
  104  8:32  Barracks Tech Lab, Barracks Reactor  
  104  8:37  Marauder  
  106  8:47  Widow Mine  
  106  8:48  SCV  
  109  8:56  SCV x2  
  109  8:57  Supply Depot x2  
  109  8:58  Supply Depot  
  109  9:00  Supply Depot, SCV  
  109  9:01  Command Center  
  112  9:04  Marine  
  112  9:05  Marauder x2  
  117  9:18  Marine, Banshee  
  117  9:19  Marauder  
  117  9:22  Marine  
  122  9:27  SCV x2  
  122  9:28  SCV  
  125  9:36  Marine  
  125  9:37  Supply Depot, Marauder x2  
  125  9:38  Marine x2, Supply Depot x2  
  130  9:39  Medivac  
  130  9:40  Marauder  
  134  9:56  Marine x3  
  134  9:57  Marine  
  134  9:58  Ghost, Marauder  
  142  10:01  Ghost  
  144  10:19  Ghost  
  146  10:22  Planetary Fortress  
  146  10:26  Ghost  
  146  10:27  Supply Depot  
  146  10:28  Supply Depot  
  148  10:29  Ghost  
  148  10:30  Terran Infantry Armor Level 2  
  148  10:32  Command Center  
  150  10:38  Refinery  
  150  10:39  Refinery  
  150  10:47  Ghost  
  150  10:49  Missile Turret  
  152  10:52  Marine  
  152  10:53  Marine x3  
  152  10:54  Medivac x2  
  152  10:56  Marauder  
  160  10:58  Ghost  
  160  11:01  Barracks x2  
  160  11:02  Barracks  
  162  11:09  SCV x3  
  162  11:10  Marine, SCV  
  167  11:12  Missile Turret  
  167  11:16  Ghost x2, Refinery  
  167  11:18  Refinery  
  171  11:30  Fusion Core  
  171  11:33  Starport  
  171  11:36  SCV x2  
  171  11:37  SCV x2  
  157  12:02  Ghost x3  
  157  12:04  Marine x4  
  149  12:11  Medivac x3  
  149  12:21  Marine  
  149  12:22  Marine x3  
  119  12:30  Barracks Tech Lab  
  119  12:31  Marine, Marauder  
  119  12:32  Marauder  
  119  12:35  Widow Mine  
  126  12:39  Barracks Tech Lab  
  126  12:41  Barracks Reactor  
  126  12:47  Planetary Fortress, Missile Turret  
  126  12:53  Ghost  
  126  12:54  Ghost  
  126  12:55  Marine, Medivac x2  
  126  12:56  Marine x5  
  126  12:57  Marauder  
  139  13:13  Marine x2  
  139  13:14  Marine x2, Marauder  
  139  13:15  Marauder  
  139  13:19  Marauder  
  149  13:23  Marauder x2  
  153  13:31  Marine x2  
  153  13:35  Ghost  
  153  13:36  Marine x4, Marauder  
  153  13:39  Ghost  
  153  13:41  Advanced Ballistics  
  163  13:42  Starport Reactor  
  163  13:43  Ghost  
  163  13:44  Marine  
  166  13:49  Marine  
  167  14:00  Liberator  
  167  14:01  Liberator x4  
  167  14:13  Marine x3  
  167  14:14  Marine x3  
  167  14:15  Marauder x5  
  198  14:26  Terran Infantry Weapons Level 3  
  198  14:31  Command Center  
  198  14:33  Terran Infantry Armor Level 3  
  198  14:36  Marauder  
  199  14:57  Liberator x5  
  199  14:59  Marine x3  
  190  15:00  Marauder x2  
  190  15:01  Marauder x3  
  194  15:11  Marine x2  
  194  15:12  Marine  
  182  15:17  Marine  
  188  15:51  Orbital Command  
  188  16:23  Refinery  
  188  16:25  Refinery  
  188  16:28  Marine  
  188  16:29  Marine x7  
  188  16:30  Marauder x2  
  200  16:36  Command Center  
  199  17:22  Ghost x4  
  193  18:09  Planetary Fortress  
  193  18:12  Missile Turret  
  191  18:32  Missile Turret  
  169  18:52  Missile Turret  
  169  18:58  Liberator x4  
  169  18:59  Liberator  
  169  19:04  Command Center  
  169  19:07  Missile Turret, Command Center  
  169  19:13  Missile Turret  
  169  19:16  Marine x3  
  169  19:17  Marine x3  
  187  19:18  Marauder x3  
  196  19:28  Missile Turret  
  196  19:33  Missile Turret  
  192  19:49  Missile Turret  
  185  20:09  Missile Turret  
  183  20:14  Personal Cloaking  
  183  20:27  Terran Ship Weapons Level 1  
  173  20:28  Building Armor  
  183  20:29  Hi-Sec Auto Tracking  
  183  20:35  Missile Turret  
  173  20:45  Marine x5  
  161  21:00  Marine x4  
  155  21:12  Marine x3  
  155  21:13  Marine, Marauder x2  
  155  21:14  Marine  
  155  21:17  Marine  
  155  21:18  Marine x2, Marauder  
  168  21:30  Marine x2  
  170  21:35  Marauder x2  
  170  21:36  Marauder x2  
  170  21:38  Marine  
  170  21:39  Marine x3  
  168  21:40  Marauder  
  160  21:48  Marine x2  
  162  21:56  Marine x2, Marauder x2  
  162  21:57  Marine x2, Marauder  
  162  21:58  Marauder  
  162  22:01  Marauder  
  172  22:06  Marine x2  
  163  22:22  Ghost x5, Marine  
  159  22:23  Marine x2  
  159  22:24  Marine x2  
  167  22:43  Liberator x2  
  167  22:50  Ghost  
  169  22:58  Marine x4  
  170  22:59  Marauder x3  
  188  23:20  Command Center x2  
  188  23:23  Command Center  
  188  23:25  Command Center  
Tags
 
Add a new tag
Caveats
  • Supply blocks, unpowered buildings, or Contaminate may cause inaccurate times.
  • Supply counts are checked every 10 seconds.